Selects Luftwaffe Battlegroup
Selects Luftwaffe Pioneer Support
Fallschirmpioneer Squad Paradrop
Construct Infanterie Kompanie
Fallschirmpioneer Squad Paradrop
Fallschirmpioneer Squad Paradrop
Selects Flak 38 Anti-Air Emplacement
Construct Luftwaffe Kompanie
Fallschirmpioneer Squad Paradrop
Selects Stuka Strafing Run
Selects Fallschirmjäger Squad Paradrop
Fallschirmjäger Squad Paradrop
Construct Panzer Kompanie
Selects Flak 36 Anti-tank Gun Emplacement